 Dungeon Crawl Stone Soup version 0.14-a0-2061-g6c6fb9c (webtiles) character file.

524 RedPan the Ruinous (level 6, -3/32 HPs)
             Began as a Deep Elf Wizard on Jan 22, 2014.
             Was an Initiate of Vehumet.
             Slain by Grinder (5 damage)
             ... while paralysed by a potion of paralysis
             ... on Level 5 of the Dungeon.
             The game lasted 00:18:43 (3937 turns).

RedPan the Ruinous (Deep Elf Wizard)                Turns: 3937, Time: 00:18:44

HP  -3/32        AC  3     Str  6      XL: 6   Next: 27%
MP  12/20        EV  2     Int 23      God: Vehumet [......]
Gold 191         SH  0     Dex 13      Spells:  4 memorised,  5 levels left

rFire  . . .     SeeInvis .     u - +2,+1 whip (flame)
rCold  . . .     Clarity  .     a - +0 elf robe
rNeg   . . .     Conserve .     (no shield)
rPois  .         rCorr    .     b - +0 elf hat
rElec  .         rRot     .     (no cloak)
SustAb . .       Spirit   .     h - +0 pair of gloves
rMut   .         Warding  .     (no boots)
Saprov . . .     Stasis   .     (no amulet)
MR     .....                    (no ring)
                                (no ring)

@: paralysed, not resistant to hostile enchantments, fairly stealthy
A: no striking features
a: Renounce Religion


You were on level 5 of the Dungeon.
You worshipped Vehumet.
Vehumet was noncommittal.
You were near starving.

You visited 2 branches of the dungeon, and saw 6 of its levels.

You collected 191 gold pieces.

Inventory:

Hand weapons
 s - a +1,+2 dagger of freezing
 u - a +2,+1 whip of flaming (weapon)
 w - a +0 blowgun
Missiles
 x - 3 curare-tipped needles
Armour
 a - a +0 elven robe (worn)
 b - a +0 elven hat (worn)
 h - a +0 pair of gloves (worn)
Magical devices
 D - a wand of random effects (2)
 G - a wand of magic darts (10)
Comestibles
 d - 3 bread rations
 g - 3 apples
 t - 4 meat rations
 z - a cheese
Scrolls
 f - 3 scrolls of teleportation {unknown}
 i - a scroll of enchant armour {unknown}
 j - a scroll of magic mapping {unknown}
 k - a scroll of fear {unknown}
 l - 6 scrolls of identify
 n - 2 scrolls of enchant weapon II {unknown}
 q - a scroll of immolation {unknown}
 r - 2 scrolls of blinking {unknown}
 v - a scroll of recharging {unknown}
 y - a scroll of curse weapon {unknown}
 C - a scroll of remove curse {unknown}
Potions
 e - 3 potions of paralysis
 m - 3 potions of heal wounds {unknown}
 o - a potion of resistance {unknown}
 p - 2 potions of curing {unknown}
 A - 2 potions of blood
 B - a potion of confusion {unknown}
 I - a potion of berserk rage {unknown}
Books
 c - a book of Minor Magic

   Spells                             Type                      Level
   *Magic Dart                        Conjuration                  1
   *Blink                             Translocation                2
   *Call Imp                          Summoning                    2
   Repel Missiles                     Charms/Air                   2
   Slow                               Hexes                        2
   Conjure Flame                      Conjuration/Fire             3
   *Mephitic Cloud                    Conjuration/Poison/Air       3


   Skills:
 - Level 2.4 Dodging
 - Level 2.4 Stealth
 - Level 4.4 Spellcasting
 + Level 6.1 Conjurations
 - Level 1.1 Summonings
 + Level 2.5 Translocations
 - Level 2.0 Poison Magic


You had 5 spell levels left.
You knew the following spells:

 Your Spells              Type           Power        Failure   Level  Hunger
a - Magic Dart            Conj           ####         1%          1    None
b - Blink                 Tloc           N/A          6%          2    None
c - Call Imp              Summ           ##........   12%         2    None
d - Mephitic Cloud        Conj/Pois/Air  ###.....     12%         3    ##.....


Dungeon Overview and Level Annotations

Branches:
Dungeon (5/16)             Temple (1/1) D:5

Altars:
Cheibriados
Dithmengos
Elyvilon
Fedhas
Kikubaaqudgha
Makhleb
Nemelex Xobeh
Okawaru
Vehumet
Yredelemnul
Zin
the Shining One

Annotations:
D:5 Grinder


Message History

The magic dart hits Grinder.
Grinder is heavily wounded.
Grinder hits you.
You writhe in agony.
Casting: Magic Dart
Confirm with . or Enter, or press ? or * to list all spells.
Aiming: Magic Dart
Press: ? - help, Shift-Dir - straight line, f/p - Grinder
Aim: Grinder (heavily wounded)
The magic dart hits Grinder.
Grinder is heavily wounded.
Grinder hits you.
* * * LOW HITPOINT WARNING * * *
You writhe in agony.
* * * LOW HITPOINT WARNING * * *
Drink which item? (? for menu, Esc to quit)
You suddenly lose the ability to move!
It was a potion of paralysis.
Grinder hits you.
* * * LOW HITPOINT WARNING * * *
You writhe in agony.
You die...

#######+### #.........#
# #....[....# ....
+.........+ ###..######
#...@5....#
...........######'#####
.#.#.#.#.#.# ##.#
...........# #..#
.#.......#.#####.##
...............#.#
.#...>...#.#.#.#.#
.............#.#'###
.#.......#.###.....#


You could see Grinder.

Vanquished Creatures
  A phantom (D:4)
  An orc priest (D:3)
  A worker ant (D:4)
  Jessica (D:2)
  7 adders
  A gnoll (D:2)
  A worm (D:3)
  6 giant geckos
  8 orcs (D:3)
  13 bats
  4 giant cockroaches
  11 goblins
  7 hobgoblins
  A quokka (D:2)
  3 giant newts
  7 kobolds
  An orc skeleton (D:4)
  9 rats
83 creatures vanquished.

Vanquished Creatures (collateral kills)
  3 gnolls (D:2)
3 creatures vanquished.

Vanquished Creatures (others)
  A crimson imp (D:4)
  A white imp (D:5)
2 creatures vanquished.

Grand Total: 88 creatures vanquished

Notes
Turn   | Place    | Note
--------------------------------------------------------------
     0 | D:1      | RedPan, the Deep Elf Wizard, began the quest for the Orb.
     0 | D:1      | Reached XP level 1. HP: 10/10 MP: 6/6
   239 | D:1      | Reached XP level 2. HP: 15/15 MP: 4/9
   504 | D:1      | Learned a level 2 spell: Blink
   507 | D:1      | Learned a level 2 spell: Call Imp
   790 | D:1      | Reached XP level 3. HP: 19/19 MP: 8/12
   837 | D:1      | Learned a level 3 spell: Mephitic Cloud
   974 | D:2      | Noticed Jessica
  1125 | D:2      | Killed Jessica
  1213 | D:2      | Reached XP level 4. HP: 21/24 MP: 7/15
  1625 | D:2      | Reached skill level 5 in Conjurations
  2217 | D:3      | Reached XP level 5. HP: 28/28 MP: 16/18
  2434 | D:3      | Reached skill level 1 in Poison Magic
  3233 | D:4      | Noticed a phantom
  3468 | D:4      | Killed a phantom
  3468 | D:4      | Reached skill level 6 in Conjurations
  3468 | D:4      | Reached XP level 6. HP: 20/32 MP: 0/20
  3782 | D:5      | Entered Level 5 of the Dungeon
  3813 | D:5      | Found a staircase to the Ecumenical Temple.
  3823 | Temple   | Entered the Ecumenical Temple
  3880 | Temple   | Became a worshipper of Vehumet
  3913 | D:5      | Noticed Grinder
  3917 | D:5      | Paralysed by Grinder for 7 turns
  3937 | D:5      | Paralysed by a potion of paralysis for 7 turns
  3937 | D:5      | Slain by Grinder

Action                   |  1- 3 |  4- 6 || total
-------------------------+-------+-------++-------
Melee: Dagger            |     4 |     5 ||     9
       Whip              |       |    11 ||    11
 Cast: Magic Dart        |    74 |   107 ||   181
       Mephitic Cloud    |     1 |     8 ||     9
       Call Imp          |       |     6 ||     6
Evoke: Wand              |       |     8 ||     8
  Use: Scroll            |       |     2 ||     2
       Potion            |       |     1 ||     1
